 Dungeon Crawl Stone Soup version 0.21.0-3-g78d12a8 (webtiles) character file.

26390 Gaball the Fighter (level 12, -14/110 HPs)
             Began as a Centaur Arcane Marksman on Jan 13, 2018.
             Was a High Priest of Nemelex Xobeh.
             Killed from afar by a rakshasa (illusionary) (29 damage)
             ... with an orb of energy
             ... summoned by the player character
             ... on level 4 of the Lair of Beasts on Jan 14, 2018.
             The game lasted 00:48:34 (19591 turns).

Gaball the Fighter (Centaur Arcane Marksman)       Turns: 19591, Time: 00:48:35

Health: -14/110    AC:  8    Str: 25    XL:     12   Next: 97%
Magic:  15/15      EV: 11    Int: 17    God:    Nemelex Xobeh [*****.]
Gold:   746        SH:  0    Dex: 10    Spells: 11/15 levels left

rFire    . . .     SeeInvis .   G - +8 war axe of Ogul {venom, Str+7}
rCold    . . .     Gourm    .   (no shield)
rNeg     . . .     Faith    .   q - +0 troll leather armour
rPois    .         Spirit   .   M - +0 helmet
rElec    .         Reflect  .   e - scarf {cloud immunity}
rCorr    .         Harm     .   p - +0 pair of gloves
MR       .....                  (no barding)
Stlth    ..........             (no amulet)
HPRegen  0.68/turn              (no ring)
MPRegen  0.14/turn              J - +5 ring of intelligence

@: very quick
A: large, hooves 3, deformed body, speed 2, tough skin 3
a: Triple Draw, Deal Four, Stack Five, Renounce Religion


You were on level 4 of the Lair of Beasts.
You worshipped Nemelex Xobeh.
Nemelex Xobeh was extremely pleased with you.
You were not hungry.

You visited 2 branches of the dungeon, and saw 15 of its levels.

You collected 746 gold pieces.

Inventory:

Hand Weapons
 a - a +0 hand crossbow
 G - the +8 war axe of Ogul (weapon) {venom, Str+7}
   (You found it on level 6 of the Dungeon)

   It poisons the flesh of those it strikes.
   It affects your strength (+7).
 I - the +6 battleaxe "Qedutat" {chop, rF+}
   (You found it on level 6 of the Dungeon)

   It inflicts extra damage upon your enemies.
   It protects you from fire.
Missiles
 B - 15 bolts
Armour
 e - a scarf of cloud immunity (worn)
 p - a +0 pair of gloves (worn)
 q - a +0 troll leather armour (worn)
 M - a +0 helmet (worn)
 V - a +2 large shield
Jewellery
 J - a +5 ring of intelligence (right hand)
Wands
 D - a wand of flame (30)
 F - a wand of digging (9)
 L - a wand of polymorph (49)
 Q - a wand of paralysis (29)
 U - a wand of random effects (36)
Scrolls
 b - a scroll of noise {unknown}
 i - 3 scrolls of immolation
 k - 7 scrolls of remove curse
 m - 5 scrolls of amnesia {unknown}
 o - a scroll of holy word {unknown}
 s - 5 scrolls of magic mapping
 u - 6 scrolls of teleportation
 w - a scroll of fear {unknown}
 y - 2 scrolls of blinking {unknown}
 z - 2 scrolls of random uselessness {unknown}
 A - 2 scrolls of fog {unknown}
 S - a scroll of enchant armour {unknown}
 X - a scroll of identify
 Y - a scroll of vulnerability {unknown}
Potions
 d - 5 potions of curing
 g - 3 potions of haste
 h - 2 potions of brilliance
 j - 5 potions of mutation
 n - 4 potions of flight
 r - a potion of lignification {unknown}
 t - a potion of heal wounds {unknown}
 v - 4 potions of ambrosia
 x - a potion of might {unknown}
 H - a potion of berserk rage {unknown}
 N - a potion of agility
 O - a potion of degeneration {unknown}
 P - 2 potions of invisibility {unknown}
 T - 2 potions of magic
Books
 c - a book of Debilitation

   Spells                             Type                      Level
   a - Corona                         Hexes                        1
   b - Slow                           Hexes                        2
   c - Inner Flame                    Hexes/Fire                   3
   d - Portal Projectile              Hexes/Translocation          3
   e - Cause Fear                     Hexes                        4
   f - Leda's Liquefaction            Hexes/Earth                  4
 W - a book of Geomancy

   Spells                             Type                      Level
   a - Sandblast                      Earth                        1
   b - Passwall                       Transmutation/Earth          2
   c - Stone Arrow                    Conjuration/Earth            3
   d - Petrify                        Transmutation/Earth          4
   e - Lee's Rapid Deconstruction     Earth                        5
 Z - a Young Poisoner's Handbook

   Spells                             Type                      Level
   a - Sting                          Conjuration/Poison           1
   b - Poisonous Vapours              Poison/Air                   2
   c - Mephitic Cloud                 Conjuration/Poison/Air       3
   d - Olgreb's Toxic Radiance        Poison                       4
   e - Venom Bolt                     Conjuration/Poison           5
Miscellaneous
 l - a legendary deck of summoning {drawn: 4}
 E - a legendary deck of destruction {drawn: 4}
 R - a legendary deck of destruction {drawn: 7}
Comestibles
 f - 22 rations


   Skills:
 + Level 11.5 Fighting
 + Level 10.3 Axes
 - Level 11.1 Crossbows
 - Level 5.6 Armour
 + Level 5.8 Dodging
 - Level 2.1 Spellcasting
 - Level 3.6 Hexes
 - Level 2.1 Fire Magic


You had 11 spell levels left.
You knew the following spells:

 Your Spells              Type           Power        Failure   Level  Hunger
a - Corona                Hex            ##.....      4%          1    #......
b - Inner Flame           Hex/Fire       ##......     19%         3    ###....


Dungeon Overview and Level Annotations

Branches:
Dungeon (11/15)            Temple (0/1) D:4            Lair (4/6) D:9
 Shoals (0/4) Lair:3        Snake (0/4) Lair:3          Orc (0/2) D:9

Altars:
Fedhas
Makhleb
Nemelex Xobeh


Innate Abilities, Weirdness & Mutations

You have hooves in place of feet.
Armour fits poorly on your strangely shaped body.
You cover ground very quickly.
You have extremely tough skin. (AC +3)


Message History

Aiming: Polymorph
Press: ? - help, Shift-Dir - straight line, f/p - ten-headed hydra
Aim: a ten-headed hydra (almost dead, poisoned, chance to defeat MR: 15%)
Okay, then.
Evoke which item? (* to show all) (? for menu, Esc to quit)
Aiming: Paralyse
Press: ? - help, Shift-Dir - straight line, f/p - ten-headed hydra
Aim: a ten-headed hydra (almost dead, poisoned, chance to defeat MR: 15%)
The ten-headed hydra resists with almost no effort.
Evoke which item? (* to show all) (? for menu, Esc to quit)
Aiming: Paralyse
Press: ? - help, Shift-Dir - straight line, f/p - ten-headed hydra
Aim: a ten-headed hydra (almost dead, poisoned, chance to defeat MR: 15%)
The ten-headed hydra suddenly stops moving!
The rakshasa is no longer covered in acid. x2
The rakshasa blinks!
The rakshasa gestures at you. The orb of energy hits you!
You die...
Your body glows with a rainbow of weird colours and disappears.

##..###.......
##...........
#...###.....
###.### .P.
#.#...# # ##...##
#P.. ##..# ##...
##.## #....
##@### ##....
#...# #.....
##..# #.... ###
#..## #....
##P#### #D..#
##### ##..
##.....###
#..####...## #...
.........#
##R..#.....####.#
........##
#<.#.......####.
........##
##..........#...


You could see a ten-headed hydra and a rakshasa.

Vanquished Creatures
  Josephine (Lair:4)
  2 hydras
  A catoblepas (Lair:3)
  Nergalle (Lair:2)
  An orb spider (D:9)
  4 black mambas
  7 spiny frogs
  3 komodo dragons
  Prince Ribbit (D:6)
  3 hippogriffs
  3 dream sheep (Lair:2)
  8 blink frogs
  3 wraiths (Lair:4)
  A wyvern (D:6)
  20 yaks
  14 water moccasins
  5 porcupines
  4 sky beasts
  4 orc warriors
  3 black bears
  3 ogres
  7 centaurs
  A phantom (D:10)
  A necrophage (D:7)
  7 wolves
  7 crocodiles
  A big kobold (D:10)
  14 bullfrogs
  A gnoll sergeant (D:7)
  A scorpion (D:10)
  10 killer bees
  A vampire bat (Lair:1)
  9 wights
  A howler monkey (D:4)
  A bullfrog zombie (D:6)
  A quasit (D:9)
  3 crimson imps
  2 jellies
  7 orc priests
  3 bullfrog skeletons
  A gnoll shaman (D:8)
  4 hounds
  3 iguanas
  11 orc wizards
  8 worker ants
  A hound zombie (D:7)
  Robin (D:2)
  15 adders
  9 gnolls
  A howler monkey skeleton (D:8)
  2 shadow imps
  An ooze (D:2)
  An adder skeleton (D:4)
  5 dart slugs
  2 worms
  4 leopard geckos
  45 orcs
  A giant cockroach (D:6)
  12 goblins
  14 hobgoblins
  10 jackals
  8 kobolds
  6 quokkas
  4 ball pythons
  22 bats
  3 frilled lizards
  A jackal skeleton (D:4)
  A jackal zombie (D:5)
  7 rats
  3 fungi
  4 plants
380 creatures vanquished.

Vanquished Creatures (collateral kills)
  The ghost of theanonym the Frost Mage, a journeyman DrIE of Sif Muna (Lair:3)
  A hydra (Lair:3)
  Urug (Lair:4)
  A manticore (Lair:3)
  A torpor snail (Lair:2)
  3 spiny frogs
  A komodo dragon (Lair:4)
  A polar bear (Lair:4)
  3 blink frogs
  A hippogriff (D:9)
  6 yaks
  A water moccasin (Lair:1)
  An orc warrior (D:6)
  An ice beast (D:9)
  An ogre (D:6)
  2 crocodiles (Lair:3)
  A killer bee (D:10)
  A howler monkey (D:6)
  A quasit (D:6)
  An orc wizard (D:10)
  A worker ant (D:5)
  4 gnolls (D:5)
  An adder zombie (D:6)
  An orc (D:10)
  A ball python (Lair:3)
38 creatures vanquished.

Vanquished Creatures (others)
  The ghost of cliffracer the Cleaver, a novice FoMo of Elyvilon (D:9)
  2 ball lightnings
  7 fungi
  A plant (D:9)
11 creatures vanquished.

Grand Total: 429 creatures vanquished

Notes
Turn   | Place    | Note
-------+----------+-------------------------------------------
     0 | D:1      | Gaball the Centaur Arcane Marksman began the quest for the Orb.
     0 | D:1      | Reached XP level 1. HP: 16/16 MP: 2/2
   185 | D:1      | Reached XP level 2. HP: 23/23 MP: 3/3
   736 | D:2      | Reached XP level 3. HP: 23/28 MP: 4/4
  1439 | D:2      | Noticed Robin
  1495 | D:2      | Reached XP level 4. HP: 35/35 MP: 5/5
  1842 | D:2      | Killed Robin
  1842 | D:2      | Reached skill level 5 in Crossbows
  2388 | D:3      | Reached XP level 5. HP: 9/40 MP: 6/6
  3345 | D:3      | Found a sparkling altar of Nemelex Xobeh.
  3530 | D:3      | Became a worshipper of Nemelex Xobeh the Trickster
  3645 | D:4      | Reached XP level 6. HP: 45/47 MP: 7/7
  4128 | D:4      | Found a staircase to the Ecumenical Temple.
  4129 | D:4      | Received a gift from Nemelex Xobeh
  4379 | D:4      | Reached XP level 7. HP: 24/52 MP: 8/8
  4980 | D:5      | Entered Level 5 of the Dungeon
  5588 | D:4      | Learned a level 3 spell: Inner Flame
  6527 | D:5      | Reached skill level 10 in Crossbows
  6913 | D:5      | Found a burning altar of Makhleb.
  6948 | D:5      | Reached XP level 8. HP: 41/59 MP: 9/9
  6949 | D:5      | Received a gift from Nemelex Xobeh
  7086 | D:5      | Reached * piety under Nemelex Xobeh
  7299 | D:5      | Found a burning altar of Makhleb.
  7338 | D:6      | Noticed Prince Ribbit
  7425 | D:6      | Noticed Grinder
  7499 | D:6      | Reached skill level 1 in Fire Magic
  7816 | D:6      | Killed Prince Ribbit
  7913 | D:6      | Noticed Grinder
  7913 | D:6      | Grinder changed into Grinder the quasit
  7917 | D:6      | Killed Grinder the quasit
  7967 | D:6      | Got a faintly glowing war axe
  7968 | D:6      | Identified the +8 war axe of Ogul {venom, Str+7} (You found it on level 6 of the Dungeon)
  8108 | D:6      | Reached skill level 1 in Axes
  8108 | D:6      | Reached XP level 9. HP: 26/69 MP: 12/12
  9002 | D:6      | Got an ichor-stained battleaxe
  9027 | D:6      | Identified the +6 battleaxe "Qedutat" {chop, rF+} (You found it on level 6 of the Dungeon)
  9056 | D:7      | Received a gift from Nemelex Xobeh
  9321 | D:7      | Reached ** piety under Nemelex Xobeh
  9570 | D:7      | Reached skill level 5 in Fighting
  9719 | D:7      | Reached skill level 1 in Armour
 10287 | D:7      | Found a blossoming altar of Fedhas.
 10577 | D:8      | Received a gift from Nemelex Xobeh
 10777 | D:8      | Reached XP level 10. HP: 83/83 MP: 13/13
 11057 | D:9      | Reached skill level 5 in Axes
 11176 | D:9      | Noticed cliffracer's ghost (novice FoMo)
 11209 | D:9      | Killed cliffracer's ghost
 11980 | D:9      | Found a staircase to the Orcish Mines.
 12025 | D:9      | Found a staircase to the Lair.
 12243 | D:9      | Noticed an orb spider
 12243 | D:9      | a troll changed into an orb spider
 12275 | D:9      | Killed an orb spider
 12690 | D:10     | Entered Level 10 of the Dungeon
 12784 | D:10     | Reached XP level 11. HP: 48/94 MP: 14/14
 13025 | D:10     | Reached *** piety under Nemelex Xobeh
 13427 | D:10     | Reached skill level 5 in Armour
 13485 | D:10     | Received a gift from Nemelex Xobeh
 14045 | Lair:1   | Entered Level 1 of the Lair of Beasts
 14324 | Lair:1   | Received a gift from Nemelex Xobeh
 15024 | Lair:2   | Reached **** piety under Nemelex Xobeh
 15172 | Lair:2   | Received a gift from Nemelex Xobeh
 15181 | Lair:2   | Noticed Nergalle
 15312 | Lair:2   | Killed Nergalle
 16014 | Lair:2   | Noticed a five-headed hydra
 16082 | Lair:2   | Killed a five-headed hydra
 16362 | Lair:3   | Received a gift from Nemelex Xobeh
 16362 | Lair:3   | Found a staircase to the Shoals.
 16375 | Lair:3   | Reached skill level 10 in Fighting
 16506 | Lair:3   | Reached XP level 12. HP: 88/106 MP: 15/15
 16638 | Lair:3   | Noticed a catoblepas
 16646 | Lair:3   | Killed a catoblepas
 16667 | Lair:3   | Noticed an eight-headed hydra
 16673 | Lair:3   | Killed a nine-headed hydra
 16985 | Lair:3   | Found a staircase to the Snake Pit.
 17091 | Lair:3   | Noticed a four-headed hydra
 17115 | Lair:3   | Killed a four-headed hydra
 17588 | Lair:3   | Noticed theanonym's ghost (journeyman DrIE)
 17618 | Lair:3   | Killed theanonym's ghost
 18183 | Lair:4   | Received a gift from Nemelex Xobeh
 18200 | Lair:4   | Reached ***** piety under Nemelex Xobeh
 18286 | Lair:4   | Noticed Josephine
 18304 | Lair:4   | Killed Josephine
 18503 | Lair:4   | Reached skill level 5 in Dodging
 18721 | Lair:4   | Received a gift from Nemelex Xobeh
 18735 | Lair:4   | Reached skill level 10 in Axes
 18918 | Lair:4   | Noticed Urug
 18937 | Lair:4   | Killed Urug
 19226 | Lair:4   | HP: 5/110 [poisoned by a spiny frog]
 19231 | Lair:4   | HP: 4/110 [poisoned by a spiny frog]
 19236 | Lair:4   | HP: 4/110 [poisoned by a spiny frog]
 19536 | Lair:4   | Noticed a seven-headed hydra
 19566 | Lair:4   | HP: 2/110 [ten-headed hydra (7)]
 19591 | Lair:4   | Killed from afar by a rakshasa (illusionary)

Skill      XL: |  1  2  3  4  5  6  7  8  9 10 11 12 |
---------------+-------------------------------------+-----
Crossbows      | 3 4 5 7 8 10 11 | 11.1
Hexes          | 3 |  3.6
Fire Magic     | 2 |  2.1
Fighting       | 3 6 8 10 11 | 11.5
Spellcasting   | 2 |  2.1
Axes           | 1 4 6 8 10 | 10.3
Armour         | 2 4 5 |  5.6
Dodging        | 3 5 |  5.8

Action                   |  1- 3 |  4- 6 |  7- 9 | 10-12 || total
-------------------------+-------+-------+-------+-------++-------
Melee: Dagger            |    41 |   155 |   119 |       ||   315
       Kick              |     8 |    30 |    58 |   106 ||   202
       War axe           |       |       |   119 |   461 ||   580
 Fire: Hand crossbow     |    82 |    98 |   138 |    37 ||   355
 Cast: Corona            |       |     3 |     1 |       ||     4
Evoke: Deck              |       |       |    22 |    35 ||    57
       Wand              |       |       |       |    19 ||    19
  Use: Potion            |       |       |     1 |     1 ||     2
       Scroll            |       |       |     5 |    10 ||    15
 Stab: Petrified         |       |       |       |     2 ||     2
  Eat: Chunk             |       |     5 |    18 |    23 ||    46
       Ration            |       |     1 |       |       ||     1
Armor: Robe              |    37 |   104 |    77 |       ||   218
       Ring mail         |       |       |    39 |    27 ||    66
       Troll leather arm |       |       |       |   132 ||   132
Dodge: Dodged            |    51 |   106 |   141 |   221 ||   519
